 Dungeon Crawl Stone Soup version 0.19-a0-1091-g463c9de (webtiles) character file.

98 kae the Firebug (level 4, -7/24 HPs)
             Began as a Tengu Fire Elementalist on Aug 3, 2016.
             Killed by divine providence
             ... invoked by an orc priest
              (13 damage)
             ... on level 3 of the Dungeon on Aug 7, 2016.
             The game lasted 00:04:23 (2209 turns).

kae the Firebug (Tengu Fire Elementalist)           Turns: 2209, Time: 00:04:26

Health: -7/24      AC:  2    Str:  9    XL:     4   Next: 69%
Magic:  4/8        EV: 18    Int: 16    God:
Gold:   99         SH:  0    Dex: 19    Spells: 1 memorised, 6 levels left

rFire  . . .     SeeInvis .     (no weapon)
rCold  . . .     Gourm    .     a - +0 robe
rNeg   . . .     Faith    .     (no shield)
rPois  .         Spirit   .     (helmet restricted)
rElec  .         Dismiss  .     (no cloak)
rCorr  .         Reflect  .     (no gloves)
SustAt .         Harm     .     (boots unavailable)
MR     .....                    (no amulet)
Stlth  +++.......               (no ring)
                                (no ring)

@: agile
A: beak, talons 3
a: no special abilities


You were on level 3 of the Dungeon.
You were not hungry.

You visited 1 branch of the dungeon, and saw 3 of its levels.

You collected 99 gold pieces.

Inventory:

Hand Weapons
 r - a +0 vampiric falchion
Armour
 a - a +0 robe (worn)
Jewellery
 s - an uncursed ring of ice {unknown}
Wands
 q - a wand of lightning (6/15)
Scrolls
 e - 2 scrolls of recharging {unknown}
 g - a scroll of identify {unknown}
 h - a scroll of noise {unknown}
 l - a scroll of fog {unknown}
 m - 4 scrolls of remove curse {unknown}
 o - a scroll of teleportation {unknown}
Potions
 n - a potion of might {unknown}
Books
 b - a book of Flames

   Spells                             Type                      Level
   a - Flame Tongue                   Conjuration/Fire             1
   b - Throw Flame                    Conjuration/Fire             2
   c - Conjure Flame                  Conjuration/Fire             3
   d - Inner Flame                    Hexes/Fire                   3
   e - Sticky Flame                   Conjuration/Fire             4
   f - Fireball                       Conjuration/Fire             5
 p - a book of Summonings

   Spells                             Type                      Level
   a - Recall                         Summoning/Translocation      3
   b - Aura of Abjuration             Summoning                    5
   c - Summon Demon                   Summoning                    5
   d - Summon Forest                  Summoning/Translocation      5
   e - Summon Mana Viper              Hexes/Summoning              5
   f - Shadow Creatures               Summoning                    6
Comestibles
 c - 5 bread rations
 d - a beef jerky
 f - a royal jelly
 j - a meat ration


   Skills:
 - Level 2.1 Dodging
 - Level 2.0 Stealth
 + Level 2.4 Spellcasting
 * Level 4.0 Conjurations
 * Level 4.4 Fire Magic


You had 6 spell levels left.
You knew the following spells:

 Your Spells              Type           Power        Failure   Level  Hunger
a - Flame Tongue          Conj/Fire      ###..        4%          1    #......


Dungeon Overview and Level Annotations

Branches:
Dungeon (3/15)

Altars:
Cheibriados
Makhleb


Innate Abilities, Weirdness & Mutations

You have a beak for a mouth.
You have claws for feet.


Message History

Aiming: Flame Tongue
Press: ? - help, Shift-Dir - straight line, f/p - orc
Aim: an orc, wielding a mace and wearing a leather armour (lightly wounded)
The flame tongue hits the orc.
The orc is heavily wounded.
The orc priest calls down the wrath of Beogh upon you.
Beogh smites you!
Ouch! That really hurt!
* * * LOW HITPOINT WARNING * * *
The orc hits you with a mace.
* * * LOW HITPOINT WARNING * * *
Unknown command.
It was a potion of curing.
You feel better.
It was a potion of agility.
You feel agile all of a sudden. The orc barely misses you.
The orc priest invokes the aid of Beogh against you.
Beogh smites you!
Ouch! That really hurt!
You die...

.#### ###.# #. .... #.# ..o#
#.#### ..# #...# #.#... [.#.#....
#.#... #######.#.#..#.####.#..#
.......oo.......>##.#..# #@#
<....##....#
####.#.#####..##.....
#############....#...........##..
.............)................#..
#####.#######....#######..#####..
#............########.#####..
#.############............### #.#
.######.####.# #.# #.........#.#


You could see an orc priest and 2 orcs.

Vanquished Creatures
  4 adders
  An ooze (D:2)
  2 worms (D:2)
  A dart slug (D:2)
  A giant gecko (D:2)
  An orc (D:3)
  3 giant cockroaches
  3 goblins
  7 hobgoblins
  5 jackals (D:2)
  2 kobolds
  3 quokkas
  A ball python (D:2)
  7 bats
  4 giant newts
  A rat (D:2)
46 creatures vanquished.

Notes
Turn   | Place    | Note
-------+----------+-------------------------------------------
     0 | D:1      | kae the Tengu Fire Elementalist began the quest for the Orb.
     0 | D:1      | Reached XP level 1. HP: 10/10 MP: 4/4
     2 | D:1      | Upgraded the game from 0.19-a0-1065-gdac414d to 0.19-a0-1071-g4ed3155
    33 | D:1      | Upgraded the game from 0.19-a0-1071-g4ed3155 to 0.19-a0-1091-g463c9de
   473 | D:1      | Reached XP level 2. HP: 15/15 MP: 3/6
   862 | D:2      | Reached XP level 3. HP: 19/19 MP: 0/7
  1025 | D:2      | Found a burning altar of Makhleb.
  1025 | D:2      | Noticed a blizzard demon
  1028 | D:2      | Noticed a ynoxinul
  1028 | D:2      | Noticed a hellwing
  1583 | D:2      | Reached XP level 4. HP: 24/24 MP: 1/8
  2007 | D:3      | Found a snail-covered altar of Cheibriados.
  2207 | D:3      | HP: 1/24 [orc/mace (1)]
  2209 | D:3      | Killed from afar by an orc priest

Vault maps used:
D:1:      lordsloth_arrival_two_stooges
D:2:      makhleb_altar_promises_db, minivault_5
D:3:      nicolae_overflow_crystal_walls, first_bread,
          kennysheep_generic_room_16, uniq_terence

Skill      XL: |  1  2  3  4 |
---------------+-------------+-----
Conjurations   | 2 3 4 |  4.0
Fire Magic     | 4 |  4.4
Dodging        | |  2.1
Stealth        | |  2.0
Spellcasting   | |  2.4

Action                   |  1- 3 |  4- 6 || total
-------------------------+-------+-------++-------
Melee: Unarmed           |    33 |     3 ||    36
       Kick              |     7 |       ||     7
       Peck              |     7 |       ||     7
 Cast: Flame Tongue      |    52 |    35 ||    87
  Use: Potion            |     1 |     2 ||     3
 Stab: Invisible         |     2 |       ||     2
  Eat: Chunk             |     3 |     2 ||     5
Armor: Robe              |     7 |     3 ||    10
Dodge: Dodged            |    34 |    17 ||    51
